AoeStats
← nikmal-4

Arena

509300432Analyzed
4v4 RM · 5d ago on Sep 26, 2026· 32m 18s· 8 players
Game mode
Random Map
Map size
Large (8 player)
Population
200
Speed
Normal
Resources
Standard
Victory
Conquest
Starting age
Dark Age
Ending age
Imperial Age
RankedLock teamsTeams togetherTeam positionsShared explorationLock speedFull tech treeHidden civsTurbo modeCheats
Victory
Defeat
🇬🇷 Teutons · Greece
635
+16
🇮🇹 Teutons · Italy
577
+18
🇨🇳 Persians · China
496
+21
🇨🇳 Italians · China
475
+22
🇨🇳 Celts · China
709
-23
🇨🇳 Georgians · China
687
-22
🇨🇳 Danes · China
647
-20
🇯🇵 Japanese · Japan
449
-12
gp.infostudio
11:35 Feudal Age
12:37 Double-Bit Axe
14:54 Horse Collar
19:20 Castle Age
20:23 Bow Saw
20:16 Heavy Plow
20:09 Gold Mining
20:10 Stone Mining
23:31 Stone Shaft Mining
25:16 Loom
26:07 Wheelbarrow
25:18 Town Watch
30:41 Hand Cart
30:27 Town Patrol
33:40 Imperial Age
nikmal-4
0:44 Loom
23:09 Feudal Age
LAI32
5:44 Loom
10:55 Feudal Age
12:22 Double-Bit Axe
13:53 Horse Collar
19:59 Castle Age
20:53 Bow Saw
20:45 Heavy Plow
22:57 Wheelbarrow
23:29 Gold Mining
23:35 Stone Mining
24:10 Kamandaran
25:00 Crossbowman
26:49 Thumb Ring
27:42 Masonry
28:55 Fletching
29:06 Padded Archer Armor
31:04 Ballistics
30:44 Bodkin Arrow
31:05 Leather Archer Armor
604569544
1:32 Loom
14:42 Feudal Age
18:38 Scale Mail Armor
Gatherer
11:03 Feudal Age
12:17 Horse Collar
12:23 Double-Bit Axe
14:54 Castle Age
15:53 Bow Saw
15:44 Heavy Plow
17:02 Wheelbarrow
28:16 Imperial Age
26:05 Hand Cart
25:48 Loom
26:15 Forging
26:05 Scale Mail Armor
26:54 Gold Mining
26:54 Stone Mining
27:57 Iron Casting
27:50 Chain Mail Armor
28:03 Squires
27:48 Gambesons
27:50 Arson
29:09 Gold Shaft Mining
29:09 Stone Shaft Mining
28:25 Elite Varangian Guard
30:34 Plate Mail Armor
31:37 Blast Furnace
31:21 Onager
31:58 Town Watch
Tamerlane
10:40 Feudal Age
11:16 Double-Bit Axe
14:23 Castle Age
12:42 Horse Collar
15:56 Bow Saw
19:54 Wheelbarrow
21:22 Heavy Plow
23:13 Hand Cart
24:00 Gold Mining
28:24 Imperial Age
26:35 Forging
26:25 Scale Mail Armor
25:51 Pikeman
28:22 Iron Casting
27:52 Loom
28:12 Arson
29:27 Furor Celtica
29:23 Siege Engineers
28:42 Capped Ram
28:44 Halberdier
29:41 Chain Mail Armor
30:17 Gold Shaft Mining
29:11 Man-at-Arms
29:36 Gambesons
30:24 Conscription
30:00 Siege Ram
30:07 Long Swordsman
31:26 Plate Mail Armor
31:56 Blast Furnace
32:52 Blast Furnace
31:57 Long Swordsman
Market Blockers
11:34 Feudal Age
15:12 Castle Age
13:19 Double-Bit Axe
13:16 Horse Collar
14:46 Wheelbarrow
16:02 Heavy Plow
16:14 Bow Saw
28:17 Imperial Age
26:28 Hand Cart
25:59 Loom
26:00 Town Watch
26:14 Stone Mining
28:04 Forging
28:00 Scale Barding Armor
28:25 Bloodlines
28:15 Husbandry
29:05 Stone Shaft Mining
28:24 Gold Mining
28:20 Elite Monaspa
29:50 Iron Casting
30:14 Town Patrol
30:29 Aznauri Cavalry
32:10 Blast Furnace
31:31 Chain Barding Armor
32:45 Conscription
Carpet Johan
5:10 Loom
10:58 Feudal Age
13:41 Double-Bit Axe
13:37 Horse Collar
16:11 Castle Age
25:18 Bow Saw
25:11 Heavy Plow
27:42 Gold Mining
31:43 Imperial Age
29:49 Wheelbarrow
30:06 Scale Mail Armor
32:33 Chain Mail Armor
32:28 Forging
Connection lost

Rejoining the realm…

Still unreachable

The connection could not be restored.

Session expired

The server has moved on; the page needs a fresh start.